 Dungeon Crawl Stone Soup version 0.31-a0-198-g2ad674f65e (webtiles) character file.

Game seed: 8823441485599962333

95 Gorgondantess the Cudgeller (level 4, -4/40 HPs)
             Began as an Armataur Warper on June 25, 2023.
             Slain by a phantom (6 damage)
             ... on level 3 of the Dungeon.
             The game lasted 00:02:07 (1329 turns).

Gorgondantess the Cudgeller (Armataur Warper)       Turns: 1329, Time: 00:02:07

Health: -4/40      AC:  5    Str: 19    XL:     4   Next: 39%
Magic:  6/6        EV:  9    Int: 13    God:
Gold:   60         SH:  0    Dex:  9    Spells: 4/6 levels left

rFire   . . .        a - +0 mace
rCold   . . .        (no shield)
rNeg    . . .        b - +0 leather armour
rPois   .            k - +0 helmet
rElec   .            (no cloak)
rCorr   .            (no gloves)
SInv    .            (no barding)
Will    .....        (no amulet)
Stlth   +            (no ring)
HPRegen 0.26/turn    (no ring)
MPRegen 0.10/turn

%: roll
@: attractive
A: large, rugged brown scales 3, deformed body, armoured tail, roll, long
tongue, awkward tongue
a: no special abilities


You were on level 3 of the Dungeon.
You visited 1 branch of the dungeon, and saw 4 of its levels.

You collected 60 gold pieces.

Inventory:

Hand Weapons
 a - a +0 mace (weapon)
 j - a +0 hand axe
Missiles
 d - 7 boomerangs of dispersal (quivered)
 h - 2 poisoned darts
Armour
 b - a +0 leather armour (worn)
 k - a +0 helmet (worn)
Magical Staves
 e - a staff of cold
Scrolls
 c - a scroll of blinking
 i - a scroll of teleportation {unknown}
Potions
 f - a potion of curing


   Skills:
 + Level 3.2 Fighting
 + Level 3.2 Maces & Flails
 - Level 0.8 Throwing
 - Level 1.2 Armour
 - Level 1.3 Dodging
 - Level 1.7 Spellcasting
 - Level 3.0 Translocations


You had 4 spell levels left.
You knew the following spells:

 Your Spells              Type           Power      Damage    Failure   Level
a - Blink                 Tloc           16%        N/A       14%         2

Your spell library contained the following spells:

 Spells                   Type           Power      Damage    Failure   Level
 Lesser Beckoning         Tloc           16%        N/A       14%         2
 Teleport Other           Tloc           8%         N/A       26%         3
 Vhi's Electric Charge    Tloc/Air       10%        N/A       45%         3
 Manifold Assault         Tloc           8%         N/A       65%         4


Dungeon Overview and Level Annotations

Branches:
Dungeon (4/15)
 Temple: D:4-7

Altars:


Innate Abilities, Weirdness & Mutations

You are completely covered in rugged brown scales. (AC +3, +7% HP)
Armour fits poorly on your strangely shaped body.
You have a long armoured tail.
You roll when moving toward enemies. (Rampage)
Your long tongue fully drains potion bottles. (2x potion effects)
Your tongue gives you trouble enunciating. (1.5x scroll delay)


Message History

The phantom hits you but does no damage.
You barely miss the phantom.
The phantom is moderately damaged.
The phantom hits you.
The phantom blinks!
You blink.
The phantom hits you but does no damage.
You closely miss the phantom.
The phantom is moderately damaged.
The phantom hits you.
* * * LOW HITPOINT WARNING * * *
The phantom blinks!
You blink.
A worm and a ball python come into view.
Found 4 gold pieces.
Found a stone staircase leading up.
You closely miss the phantom.
The phantom is moderately damaged.
The ball python hisses angrily.
The phantom barely misses you.
The ball python is attracted toward you.
You barely miss the phantom.
Your tail-slap misses the phantom.
The phantom is moderately damaged.
The ball python bites you but does no damage.
The phantom hits you but does no damage.
You hit the phantom.
The phantom is heavily damaged.
The ball python bites you but does no damage.
The phantom hits you.
* * * LOW HITPOINT WARNING * * *
The ball python closely misses you. The phantom misses you.
You closely miss the ball python.
Your tail-slap misses the ball python.
The ball python bites you.
* * * LOW HITPOINT WARNING * * *
The phantom completely misses you.
The ball python bites you but does no damage.
You closely miss the ball python.
Your tail-slap misses the ball python.
The ball python bites you but does no damage.
The phantom hits you!
* * * LOW HITPOINT WARNING * * *
You thump the ball python!
You kill the ball python!
The phantom hits you.
You die...

#...#
#.#.###.##...##
#.#...........+
#..............
#........$....#
#.............#
#.............#
#......W.......
#......@......#
##....#.....#..
.....###...###.
....w.#.....#..
..... ........#
.....#.##.<#.##
.... .. .#...#
.... .# ...#..


You could see a phantom and a worm.

Vanquished Creatures
  A scorpion (D:4)
  A dart slug (D:1)
  2 ball pythons
  6 bats (D:1)
  An endoplasm (D:4)
  A giant cockroach (D:1)
  5 goblins
  A hobgoblin (D:1)
  6 jackals (D:1)
  A kobold (D:1)
  A frilled lizard (D:1)
  4 rats (D:1)
30 creatures vanquished.

Notes
Turn   | Place    | Note
-------+----------+-------------------------------------------
     0 | D:1      | Gorgondantess the Armataur Warper began the quest for the
                  | Orb.
     0 | D:1      | Reached XP level 1. HP: 18/18 MP: 3/3
   453 | D:1      | Reached XP level 2. HP: 25/25 MP: 4/4
   456 | D:1      | Learned a level 2 spell: Blink
   771 | D:1      | Reached XP level 3. HP: 32/32 MP: 5/5
  1122 | D:2      | Found a faded altar of an unknown god.
  1144 | D:2      | You fall into a shaft and drop 2 floors!
  1210 | D:4      | Noticed a scorpion
  1214 | D:4      | Killed a scorpion
  1215 | D:4      | Reached XP level 4. HP: 30/40 MP: 6/6
  1295 | D:4      | Noticed a phantom
  1328 | D:3      | HP: 1/40 [phantom (7)]
  1329 | D:3      | Slain by a phantom

Illustrated notes

Levels and vault maps discovered:
D:1:      dpeg_arrival_orchard, layout_basic, minmay_quantized
D:2:      layout_basic, nicolae_ecumenical_pavilion, uniq_sigmund
D:3:      layout_basic, serial_glass, glass_columns_a, glass_columns_c,
          glass_columns_a, glass_columns_a, glass_columns_a, glass_columns_a,
          glass_columns_c, glass_columns_a, minmay_strange_pillars,
          minmay_fractal_squares_5
D:4:      layout_loops_ring, serial_co_window_serial, co_window_cross_1,
          co_window_of_opportunity_a, co_window_corner_a, co_window_paths_b,
          co_window_corner_a, co_window_corner_b, co_window_cross_2,
          co_window_broadway_b, co_window_unsneaky_path_e, co_window_paths_d,
          glass_columns_a, glass_columns_a, glass_columns_c, glass_columns_b

Skill      XL: |  1  2  3 |
---------------+----------+-----
Fighting       | 2 3 |  3.2
Maces & Flails | 2 3 |  3.2
Throwing       | |  0.8
Armour         | |  1.2
Dodging        | |  1.3
Spellcasting   | |  1.7
Translocations | |  3.0

Action                     |  1- 3 |  4- 6 || total
---------------------------+-------+-------++-------
  Melee: Mace              |    79 |    17 ||    96
         Tailslap          |    11 |       ||    11
         Punch             |     1 |       ||     1
    Use: Potion            |       |     2 ||     2
 Armour: Leather armour    |    31 |    14 ||    45
  Dodge: Dodged            |    43 |    12 ||    55

Table legend: (Time is in decaauts)
 A = Elapsed time spent in this place.
 B = Non-inter-level travel time spent in this place.
 C = Inter-level travel time spent in this place.
 D = Time resting spent in this place.
 E = Time spent auto-exploring this place.
 F = Levels seen in this place.
 G = Mean time per level.
                   A        B        C        D        E       F      G
               +--------+--------+--------+--------+--------+-----+--------+
         Total |   1355 |   1330 |     25 |     75 |    993 |   4 |  338.8 |
       Dungeon |   1355 |   1330 |     25 |     75 |    993 |   4 |  338.8 |
               +--------+--------+--------+--------+--------+-----+--------+

Top non-repeatable levels by time:
     D:1: 1141 daAuts
     D:4: 180 daAuts
     D:2: 21 daAuts
     D:3: 11 daAuts
